Map: Prion Terraces

Players

FoxeR

  • Race: Terran Terran
  • League: Master

MorN - Winner!

  • Race: Terran Terran
  • League: Master

VOD

Have the link to the VOD?

Description

Time

  • Played on: Jan. 18, 2016, 9:21 p.m.
  • Length: 9:26
Show
View Real Time Build Order
Export as new Build Order

FoxeR Terran 

Build Orders: Cyclone Opening 

Get SALT Encoding   

  12  0:02  SCV  
  13  0:14  SCV  
  13  0:20  Supply Depot  
  14  0:27  SCV  
  15  0:37  Refinery  
  15  0:41  SCV  
  16  0:46  Barracks  
  16  0:53  SCV  
  17  1:06  SCV  
  18  1:18  SCV  
  19  1:20  Refinery  
  19  1:30  SCV  
  20  1:38  Marine  
  20  1:39  Factory  
  21  1:42  Orbital Command  
  21  1:53  Supply Depot  
  21  1:56  Marine  
  23  2:08  SCV  
  23  2:18  Marine  
  23  2:21  SCV  
  25  2:30  Factory Tech Lab  
  25  2:31  Starport  
  25  2:33  SCV  
  26  2:37  Marine  
  26  2:41  Supply Depot  
  27  2:45  SCV  
  28  2:56  Cyclone  
  31  3:02  SCV, Marine  
  33  3:08  Medivac  
  35  3:17  SCV  
  35  3:18  Command Center  
  36  3:21  Marine  
  37  3:29  SCV  
  38  3:51  Marine  
  38  3:52  Stimpack, Factory Reactor  
  39  3:56  Supply Depot  
  39  3:59  Engineering Bay  
  39  4:00  Barracks  
  39  4:01  Liberator  
  39  4:02  Barracks  
  39  4:05  SCV  
  39  4:09  Marine  
  38  4:17  SCV  
  41  4:28  Marine  
  39  4:40  SCV  
  41  4:46  Marine, Orbital Command  
  41  4:57  SCV  
  41  5:04  Marine  
  41  5:06  Barracks Reactor x2  
  42  5:10  Terran Infantry Weapons Level 1  
  42  5:11  Supply Depot  
  42  5:16  Widow Mine  
  42  5:19  SCV  
  45  5:22  Marine  
  44  5:34  Missile Turret  
  44  5:40  SCV, Marine  
  44  5:41  Missile Turret  
  46  5:51  Marine x4  
  46  5:52  SCV  
  50  5:57  Marine  
  50  6:02  Medivac  
  48  6:05  Orbital Command  
  48  6:09  Marine x4  
  45  6:22  Orbital Command  
  43  6:28  Medivac, Marine x2  
  43  6:30  Marine  
  44  6:41  Marine  
  44  6:42  Marine  
  46  6:52  Marine x2  
  46  6:53  Marine  
  49  6:59  Marine x2  
  44  7:10  Marine x3  
  34  7:17  Marine  
  34  7:18  SCV  
  34  7:19  Marine  
  37  7:28  Marine  
  33  7:40  Marine x4  
  37  7:46  Marine  
  38  7:58  Marine x4  
  41  8:03  Marine  
  43  8:09  Medivac  
  43  8:10  Medivac  
  47  8:15  Marine x2  
  49  8:22  Barracks Tech Lab  
  49  8:32  Supply Depot  
  49  8:33  Marine  
  50  8:39  Medivac  
  50  8:40  Medivac  
  53  8:54  Starport  
Show
View Real Time Build Order
Export as new Build Order

MorN Terran - Winner!

Build Orders: 1/1/1, Cyclone Opening, MMM Bio 

Get SALT Encoding   

  12  0:00  SCV  
  13  0:12  SCV  
  14  0:17  Supply Depot  
  14  0:24  SCV  
  15  0:38  SCV  
  15  0:40  Barracks  
  16  0:43  Refinery  
  16  0:51  SCV  
  16  0:53  Refinery  
  17  1:03  SCV  
  18  1:15  SCV  
  19  1:27  SCV  
  19  1:30  Marine  
  21  1:33  Factory  
  21  1:39  Orbital Command  
  21  1:52  Supply Depot  
  21  1:53  Marine  
  22  2:06  SCV  
  23  2:13  Marine  
  24  2:18  Factory Tech Lab, Starport  
  24  2:23  SCV  
  25  2:33  Marine  
  25  2:37  SCV  
  27  2:41  Cyclone  
  30  2:50  Supply Depot  
  30  2:53  Marine  
  31  3:12  SCV, Medivac  
  34  3:14  Marine  
  34  3:15  Siege Tank  
  38  3:25  SCV  
  39  3:43  Supply Depot  
  39  3:57  Command Center  
  39  3:58  Factory Tech Lab  
  39  3:59  Cloaking Field  
  39  4:03  Supply Depot  
  39  4:04  Banshee, Marine  
  39  4:05  SCV  
  41  4:17  Siege Tank  
  41  4:18  SCV  
  45  4:33  Marine  
  46  4:41  SCV  
  47  4:48  Engineering Bay  
  47  4:49  Barracks  
  47  4:50  Barracks  
  47  4:51  Banshee, Engineering Bay  
  50  5:05  SCV  
  51  5:07  Barracks Tech Lab  
  51  5:10  Orbital Command  
  51  5:18  Cyclone  
  54  5:27  SCV  
  55  5:37  Stimpack  
  55  5:38  Barracks Reactor  
  55  5:43  Missile Turret  
  53  5:59  Marine  
  53  6:00  Marine  
  53  6:02  SCV  
  52  6:16  Marine  
  52  6:17  Marine  
  55  6:24  SCV, Marine  
  56  6:25  Barracks Reactor  
  56  6:26  Siege Tank  
  56  6:28  SCV  
  56  6:31  Refinery x2  
  60  6:34  Marine  
  60  6:35  Starport Reactor  
  60  6:37  SCV  
  62  6:45  Marine x2  
  62  6:46  SCV  
  65  6:49  SCV, Supply Depot  
  66  6:58  SCV  
  66  6:59  Marine  
  68  7:01  SCV  
  68  7:02  Terran Infantry Weapons Level 1  
  68  7:08  Siege Tank  
  69  7:10  SCV  
  66  7:17  SCV  
  66  7:21  Marine x4  
  68  7:22  SCV  
  68  7:23  Medivac  
  68  7:26  Terran Infantry Armor Level 1  
  68  7:29  SCV  
  71  7:35  SCV  
  69  7:40  Marine x2  
  69  7:41  Combat Shields, SCV  
  72  7:45  Supply Depot  
  72  7:47  SCV  
  73  7:51  Command Center  
  73  7:53  SCV  
  74  8:01  SCV  
  74  8:03  Supply Depot  
  74  8:05  SCV  
  76  8:08  Marine x4  
  80  8:13  Supply Depot  
  80  8:14  SCV  
  80  8:17  SCV, Siege Tank  
  85  8:23  Supply Depot  
  85  8:24  Medivac x2  
  85  8:25  Marine  
  85  8:26  SCV  
  91  8:29  SCV, Marine  
  91  8:30  Supply Depot  
  91  8:31  Marine  
  94  8:34  Marine  
  94  8:38  Marine  
  96  8:50  Marine  
  96  8:56  Command Center  
  96  9:04  Marine x3  
  96  9:06  Marine  
  100  9:13  Starport Reactor  
Tags
 
Add a new tag
Caveats
  • Supply blocks, unpowered buildings, or Contaminate may cause inaccurate times.
  • Supply counts are checked every 10 seconds.